 Dungeon Sprint DCSS version 0.30.1-4-g462c640d31 (webtiles) character file.

Game seed: 2573764446304899453

3109 Heoruswealwe the Severer (level 9, -1/91 HPs)
             Began as a Hill Orc Fighter on Aug 24, 2023.
             Was a Priest of the Shining One.
             Killed from afar by an oklob plant (21 damage)
             ... with a splash of acid
             ... in the Dungeon (Sprint I: "Red Sonja").
             The game lasted 00:09:36 (872 turns).

Heoruswealwe the Severer (Hill Orc Fighter)          Turns: 872, Time: 00:09:37

Health: -1/91      AC:  8    Str: 23    XL:     9   Next: 91%
Magic:  18/18      EV:  8    Int:  8    God:    the Shining One [***...]
Gold:   92         SH:  8    Dex: 10    Spells: 8/8 levels left

rFire   . . .        a - +0 war axe
rCold   . . .        d - +0 kite shield
rNeg    + . .        c - +0 scale mail
rPois   .            (no helmet)
rElec   .            h - +2 cloak
rCorr   .            (no gloves)
SInv    .            (no boots)
Will    .....        (no amulet) Stlth
                     (no ring)
HPRegen 0.35/turn    (no ring)
MPRegen 0.16/turn

%: no teleportation
@: corroded, glowing
A: no striking features
a: Renounce Religion, Divine Shield, Cleansing Flame


You were in the Dungeon.
You worshipped the Shining One.
The Shining One was most pleased with you.
You visited 1 branch You collected 699 gold pieces.
You spent 607 gold pieces at shops.

Inventory:

Hand Weapons
 a - a +0 war axe (weapon)
 b - a +0 longbow
Armour
 c - a +0 scale mail (worn)
 d - a +0 kite shield (worn)
 h - a +2 cloak (worn)
 j - a +1 pair of gloves
Wands
 g - a wand of iceblast (3)
 k - a wand of digging (4)
Scrolls
 l - a scroll of identify
Potions
 e - 2 potions of curing
 f - a potion of heal wounds
 i - 2 potions of berserk rage


   Skills:
 + Level 12.5 Fighting
 * Level 18.1 Axes
 + Level 11.5 Armour
 - Level 3.2 Shields
 + Level 13.0 Invocations


You had 8 spell levels left.
You didn't know any spells.
Your spell library contained the following spells:

 Spells                   Type           Power      Damage    Failure   Level
 Fireball                 Conj/Fire      0%         3d3       100%        5
 Iskenderun's Battlesphe  Conj           0%         2d6       100%        5
 Conjure Ball Lightning   Conj/Air       0%         3x3d6     100%        6
 Orb of Destruction       Conj           0%         9d5       100%        7


Dungeon Overview and Level Annotations

Branches:
Dungeon (1/1)

Altars:
Cheibriados
Dithmenos
Elyvilon
Fedhas
Gozag
Hepliaklqana
Kikubaaqudgha
Makhleb
Nemelex Xobeh
Okawaru
Qazlal
Ru
Sif Muna
Trog
Uskayaw
Vehumet
Wu Jian
Xom
Yredelemnul
Zin
The Shining One
Jiyva
Lugonu

Shops:
D *[

Annotations:
D exclusion: oklob plant


Message History

You close the door.
You start resting.
HP restored.
You open the door.
An oklob plant comes into view.
Marking area around an oklob plant as unsafe for travelling.
There is an open door here.
You slice the oklob plant!!
The oklob plant is heavily damaged.
The oklob plant spits acid at you. The splash of acid hits you!
The acid corrodes you!
You hit the oklob plant.
The oklob plant is heavily damaged.
You hit the oklob plant but do no damage.
The oklob plant is heavily damaged.
You hit the oklob plant but do no damage.
The oklob plant is heavily damaged.
You hit the oklob plant.
The oklob plant is severely damaged.
You hit the oklob plant but do no damage.
The oklob plant is severely damaged.
You slash the oklob plant!
The oklob plant is almost destroyed.
The oklob plant spits acid at you. The splash of acid hits you!!
You hit the oklob plant but do no damage.
The oklob plant is almost destroyed.
You hit the oklob plant.
The oklob plant is almost destroyed.
The oklob plant spits acid at you. The splash of acid hits you!
You hit the oklob plant but do no damage.
The oklob plant is almost destroyed.
The oklob plant spits acid at you. The splash of acid hits you!
* * * LOW HITPOINT WARNING * * *
The acid corrodes you! The oklob plant spits acid at you.
The splash of acid hits you!!
You die...

####################
)..#..'..#__#..')..#
#..').#..'..'..#)..#
##'#####'#__####...+
#..#!..#)####.§#####
####..##)#§~~§§#..#
___##'#_.+§~§§§+..#
∩...'..._#~~§§§#@.#
.__##_.#'##+#####'#
___###+#.#.(.?###P+
#### ####'###[###
+.....'.∩#
##########


You could see an oklob plant.

Vanquished Creatures
  2 centaur warriors (D)
  A deep troll (D)
  2 kobold demonologists (D)
  A hornet (D)
  Sigmund (D)
  A yak (D)
  A slime creature (D)
  A floating eye (D)
  An ogre (D)
  A jelly (D)
  Ijyb (D)
13 creatures vanquished.

Notes
Turn   | Place    | Note
-------+----------+-------------------------------------------
     0 | D        | Heoruswealwe the Hill Orc Fighter began the quest for the
                  | Orb.
     0 | D        | Reached XP level 1. HP: 19/19 MP: 1/1
     1 | D        | Noticed Ijyb
    10 | D        | Killed Ijyb
    11 | D        | Reached skill level 5 in Axes
    11 | D        | Reached XP level 2. HP: 16/28 MP: 1/4
    11 | D        | Reached XP level 3. HP: 20/34 MP: 1/5
    68 | D        | Noticed an ogre
    76 | D        | Killed an ogre
    77 | D        | Reached skill level 8 in Axes
    77 | D        | Reached skill level 5 in Armour
    77 | D        | Reached skill level 5 in Invocations
    77 | D        | Reached XP level 4. HP: 9/44 MP: 5/7
   207 | D        | Noticed Sigmund
   211 | D        | Killed Sigmund
   212 | D        | Reached skill level 10 in Axes
   212 | D        | Reached XP level 5. HP: 52/52 MP: 7/10
   212 | D        | Reached XP level 6. HP: 60/60 MP: 7/11
   224 | D        | Found an ornate altar of the Wu Jian Council.
   224 | D        | Found a shimmering blue altar of Sif Muna.
   226 | D        | Found a radiant altar of Vehumet.
   257 | D        | Found Dawkofam's General Store.
   257 | D        | Found an ancient bone altar of Kikubaaqudgha.
   257 | D        | Found a hazy altar of Hepliaklqana.
   257 | D        | Found a stormy altar of Qazlal.
   257 | D        | Found a hide-covered altar of Uskayaw.
   257 | D        | Found a blossoming altar of Fedhas.
   257 | D        | Found a bloodstained altar of Trog.
   257 | D        | Found an iron altar of Okawaru.
   257 | D        | Found a basalt altar of Yredelemnul.
   257 | D        | Found a glowing golden altar of the Shining One.
   257 | D        | Found a snail-covered altar of Cheibriados.
   257 | D        | Found a sacrificial altar of Ru.
   257 | D        | Found a glowing silver altar of Zin.
   257 | D        | Found a shadowy altar of Dithmenos.
   257 | D        | Found a white marble altar of Elyvilon.
   257 | D        | Noticed a yak
   266 | D        | Killed a yak
   267 | D        | Reached skill level 12 in Axes
   267 | D        | Reached XP level 7. HP: 42/69 MP: 11/13
   267 | D        | Found an opulent altar of Gozag.
   268 | D        | Found a sparkling altar of Nemelex Xobeh.
   274 | D        | Became a worshipper of the Shining One
   277 | D        | Bought a potion of brilliance for 52 gold pieces
   277 | D        | Bought a potion of berserk rage for 65 gold pieces
   277 | D        | Bought a scroll of identify for 26 gold pieces
   277 | D        | Bought a scroll of identify for 26 gold pieces
   354 | D        | Found a burning altar of Makhleb.
   354 | D        | Found a viscous altar of Jiyva.
   354 | D        | Found a shimmering altar of Xom.
   354 | D        | Found a corrupted altar of Lugonu.
   354 | D        | Noticed a slime creature
   363 | D        | Killed a slime creature
   364 | D        | Reached skill level 13 in Axes
   392 | D        | Bought a +2 cloak for 214 gold pieces
   415 | D        | Noticed a kobold demonologist
   415 | D        | Reached * piety under the Shining One
   416 | D        | Noticed a kobold demonologist
   421 | D        | Killed a kobold demonologist
   421 | D        | Reached ** piety under the Shining One
   422 | D        | Reached skill level 10 in Fighting
   422 | D        | Reached skill level 14 in Axes
   422 | D        | Reached skill level 10 in Invocations
   422 | D        | Reached XP level 8. HP: 79/79 MP: 13/15
   428 | D        | Killed a kobold demonologist
   429 | D        | Reached skill level 15 in Axes
   442 | D        | Noticed a centaur warrior
   442 | D        | Noticed a centaur warrior
   449 | D        | Killed a centaur warrior
   450 | D        | Reached skill level 16 in Axes
   450 | D        | Reached skill level 10 in Armour
   450 | D        | Reached XP level 9. HP: 65/89 MP: 15/17
   453 | D        | Killed a centaur warrior
   454 | D        | Reached skill level 17 in Axes
   458 | D        | Noticed a deep troll
   470 | D        | Killed a deep troll
   518 | D        | Found Xanwiry's Armour Emporium.
   525 | D        | Bought a +0 kite shield for 63 gold pieces
   629 | D        | Noticed a hornet
   629 | D        | Reached *** piety under the Shining One
   643 | D        | Killed a hornet
   644 | D        | Reached skill level 18 in Axes
   674 | D        | Bought a +1 pair of gloves for 161 gold pieces
   860 | D        | Noticed an oklob plant
   872 | D        | Killed from afar by an oklob plant

Illustrated notes

Levels and vault maps discovered:
D:        dungeon_sprint_1 [red_sonja_temple_1, red_sonja_temple_small_1]

Skill      XL: |  1  2  3  4  5  6  7  8  9 |
---------------+----------------------------+-----
Fighting       | 4 6 7 8 10 11 12 | 12.5
Axes           | 5 8 10 12 14 16 18 | 18.1
Armour         | 4 5 6 7 9 10 11 | 11.5
Invocations    | 3 5 7 8 10 11 13 | 13.0
Shields        | |  3.2

Action                     |  1- 3 |  4- 6 |  7- 9 || total
---------------------------+-------+-------+-------++-------
  Melee: War axe           |    15 |    14 |    60 ||    89
  Evoke: Wand              |     1 |       |       ||     1
    Use: Potion            |       |       |     4 ||     4
         Scroll            |       |       |     2 ||     2
 Armour: Scale mail        |     2 |     4 |    15 ||    21
  Dodge: Dodged            |     5 |       |    18 ||    23
  Block: Buckler           |     1 |     4 |     8 ||    13
         Kite shield       |       |       |     3 ||     3
